 Dungeon Crawl Stone Soup version 0.28.0-1-gb440e238dd (webtiles) character file.

Game seed: 3329169082662017032

3103 Woods the Severer (level 9, -5/75 HPs)
             Began as a Minotaur Fighter on Feb 24, 2022.
             Was a Follower of Yredelemnul.
             Slain by a yak (10 damage)
             ... on level 8 of the Dungeon.
             The game lasted 00:08:41 (7115 turns).

Woods the Severer (Minotaur Fighter)                Turns: 7115, Time: 00:08:42

Health: -5/75      AC: 11    Str: 22    XL:     9   Next: 59%
Magic:  8/8        EV:  7    Int:  5    God:    Yredelemnul [*.....]
Gold:   563        SH:  5    Dex: 13    Spells: 8/8 levels left

rFire   . . .      SeeInvis .   a - +0 war axe
rCold   . . .      Faith    .   c - +0 buckler
rNeg    . . .      Spirit   .   t - +0 chain mail
rPois   .          Reflect  .   (helmet restricted)
rElec   .          Harm     .   j - +0 cloak
rCorr   .          Rampage  .   E - +0 pair of gloves
Will    +....                   (no boots)
Stlth   ..........              (no amulet)
HPRegen 0.22/turn               D - ring of willpower
MPRegen 0.11/turn               (no ring)

@: no status effects
A: horns 2, retaliatory headbutt
a: Renounce Religion, Recall Undead Harvest


You were on level 8 of the Dungeon.
You worshipped Yredelemnul.
Yredelemnul was noncommittal.
You visited 2 branches of the dungeon, and saw 9 of its levels.

You collected 563 gold pieces.

Inventory:

Hand Weapons
 a - a +0 war axe (weapon)
Missiles
 C - 2 throwing nets (quivered)
Armour
 c - a +0 buckler (worn)
 j - a +0 cloak (worn)
 t - a +0 chain mail (worn)
 E - a +0 pair of gloves (worn)
Jewellery
 D - a ring of willpower (left hand)
Wands
 s - a wand of paralysis (9)
 A - a wand of flame (9)
 F - a wand of acid (6)
 G - a wand of digging (5)
Scrolls
 e - 3 scrolls of fog {unknown}
 f - 2 scrolls of magic mapping {unknown}
 g - 2 scrolls of enchant armour {unknown}
 k - a scroll of enchant weapon {unknown}
 l - 5 scrolls of teleportation
 m - 5 scrolls of immolation {unknown}
 n - 4 scrolls of silence {unknown}
 o - a scroll of identify {unknown}
 p - 2 scrolls of vulnerability {unknown}
 q - 2 scrolls of blinking {unknown}
 x - 3 scrolls of torment {unknown}
 y - a scroll of fear {unknown}
 z - a scroll of noise {unknown}
 B - a scroll of amnesia {unknown}
Potions
 b - a potion of berserk rage {unknown}
 d - a potion of heal wounds {unknown}
 h - 6 potions of curing {unknown}
 i - 2 potions of haste {unknown}
 r - a potion of cancellation {unknown}
 u - 2 potions of resistance {unknown}
 v - a potion of attraction {unknown}
 w - 2 potions of ambrosia {unknown}


   Skills:
 - Level 6.0 Fighting
 + Level 15.1 Axes
 - Level 3.8 Armour
 - Level 4.0 Shields


You had 8 spell levels left.
You didn't know any spells.
Your spell library contained the following spells:

 Spells                   Type           Power      Damage    Failure   Level
 Animate Skeleton         Necr           0%         N/A       99%         1
 Foxfire                  Conj/Fire      0%         2x1d4     99%         1
 Magic Dart               Conj           0%         1d3       99%         1
 Pain                     Necr           0%         1d4       99%         1
 Call Imp                 Summ           0%         N/A       100%        2
 Conjure Flame            Conj/Fire      0%         6-21      100%        3
 Inner Flame              Hex/Fire       0%         N/A       100%        3
 Mephitic Cloud           Conj/Pois/Air  0%         N/A       100%        3
 Vampiric Draining        Necr           0%         2d6       100%        3
 Flame Wave               Conj/Fire      0%         2d4       100%        4


Dungeon Overview and Level Annotations

Branches:
Dungeon (8/15)             Temple (1/1) D:5
   Lair: D:8-11

Altars:
Ashenzari
Cheibriados
Dithmenos
Elyvilon
Fedhas
Gozag
Hepliaklqana
Kikubaaqudgha
Makhleb
Nemelex Xobeh
Okawaru
Qazlal
Ru
Sif Muna
Trog
Uskayaw
Vehumet
Wu Jian
Xom
Yredelemnul
Zin
The Shining One

Shops:
D:3 (


Innate Abilities, Weirdness & Mutations

You have a pair of horns on your head.
You reflexively headbutt those who attack you in melee.


Message History

You hit the yak. You headbutt the yak, but do no damage.
The yak is heavily wounded.
You slash the yak!
Your yak zombie gores the yak!
The yak snorts and paws the ground.
The yak barely misses you. You furiously retaliate!
You headbutt the yak, but do no damage. You closely miss the yak.
Your headbutt misses the yak.
The yak is severely wounded.
You slash the yak! The yak gores you.
You hit the yak. You headbutt the yak.
The yak is severely wounded.
You barely miss the yak. The yak gores you.
Your yak zombie gores the yak.
The yak gores you.
* * * LOW HITPOINT WARNING * * *
You slash the yak!
You kill the yak!
You hit the yak.
A black mist starts to gather...
The yak gores you!
* * * LOW HITPOINT WARNING * * *
Your Axes skill increases to level 15!
You hit the yak but do no damage. Your headbutt misses the yak.
The yak is heavily wounded.
The yak gores you but does no damage.
Your yak zombie gores the yak.
You hit the yak.
The yak is heavily wounded.
Your yak zombie barely misses the yak.
You hit the yak but do no damage.
The yak is heavily wounded.
The yak gores you but does no damage.
Your yak zombie gores the yak.
You slash the yak! You headbutt the yak!
The yak is almost dead.
Your yak zombie gores the yak but does no damage.
The yak gores you!
* * * LOW HITPOINT WARNING * * *
You barely miss the yak.
The yak is almost dead.
Your yak zombie barely misses the yak.
Your yak zombie gores the yak.
The yak gores you!
You die...
Your body rises from the dead as a mindless zombie.

##...... #. ##.#
#.#.##.
.#####..# .. #.
## .:...... ###.
#.....# ...
#....## .###
#####.#..##.###
#...#.Z.......#
#...@YZ.....#
#.....#.#.#.....
#....##Z#... ###
###.###.####.#
#.# #.# #
#.###.# ###
##.#...# ..
##..#.### .
#####...#.#
#############


You could see a yak (ally target) and 2 friendly yak zombies.

Vanquished Creatures
  Prince Ribbit (D:5)
  3 yaks (D:8)
  A wyvern (D:6)
  A steam dragon (D:8)
  A water moccasin (D:7)
  2 ice beasts
  A centaur (D:7)
  An ogre (D:5)
  2 scorpions
  A water moccasin zombie (D:6)
  4 killer bees (D:6)
  8 wights
  A bullfrog zombie (D:5)
  2 centaur skeletons
  A jelly (D:4)
  4 hounds
  3 orc priests
  A bullfrog skeleton (D:7)
  Ijyb (D:5)
  An iguana (D:6)
  2 orc wizards
  A killer bee zombie (D:7)
  A hound skeleton (D:4)
  2 howler monkey zombies
  5 adders
  A shadow imp (D:5)
  A white imp (D:7)
  An adder skeleton (D:4)
  A dart slug (D:3)
  18 orcs
  6 endoplasms
  5 giant cockroaches
  5 goblins
  6 hobgoblins
  16 jackals
  4 kobolds
  5 quokkas
  10 ball pythons
  A bat (D:3)
  4 frilled lizards
  2 rats
137 creatures vanquished.

Vanquished Creatures (collateral kills)
  A hornet (D:7)
  An acid dragon (D:5)
  2 wights
  An adder zombie (D:5)
  An orc (D:7)
6 creatures vanquished.

Vanquished Creatures (others)
  A hornet zombie (D:7)
  A killer bee zombie (D:6)
  A spectral white imp (D:7)
  An orc zombie (D:8)
  16 fungi (D:5)
20 creatures vanquished.

Grand Total: 163 creatures vanquished

Notes
Turn   | Place    | Note
-------+----------+-------------------------------------------
     0 | D:1      | Woods the Minotaur Fighter began the quest for the Orb.
     0 | D:1      | Reached XP level 1. HP: 19/19 MP: 0/0
   119 | D:1      | Reached XP level 2. HP: 22/27 MP: 1/1
   281 | D:1      | Reached skill level 3 in Axes
   549 | D:1      | Reached XP level 3. HP: 32/33 MP: 2/2
  1436 | D:2      | Reached XP level 4. HP: 41/41 MP: 3/3
  1831 | D:3      | Reached skill level 4 in Axes
  1934 | D:3      | Found Pytyaxip's Weapon Boutique.
  1997 | D:3      | Reached skill level 5 in Fighting
  2377 | D:4      | Reached XP level 5. HP: 42/48 MP: 4/4
  2564 | D:4      | Reached skill level 5 in Axes
  3301 | D:4      | Reached XP level 6. HP: 55/57 MP: 5/5
  3376 | D:5      | Entered Level 5 of the Dungeon
  3385 | D:5      | Reached skill level 6 in Axes
  3434 | D:5      | Reached skill level 7 in Axes
  3530 | D:5      | Found a staircase to the Ecumenical Temple.
  3564 | D:5      | Noticed an acid dragon
  3578 | Temple   | Entered the Ecumenical Temple
  3606 | Temple   | Became a worshipper of Yredelemnul the Dark
  3781 | D:5      | Found a burning altar of Makhleb.
  3874 | D:5      | Noticed Ijyb
  3874 | D:5      | Noticed Prince Ribbit
  3891 | D:5      | Paralysed by Ijyb for 4 turns
  3896 | D:5      | Killed Ijyb
  3897 | D:5      | Reached XP level 7. HP: 55/63 MP: 6/6
  3898 | D:5      | Killed Prince Ribbit
  3899 | D:5      | Reached skill level 8 in Axes
  3900 | D:5      | Reached * piety under Yredelemnul
  3902 | D:5      | Reached skill level 9 in Axes
  4263 | D:5      | Found a sacrificial altar of Ru.
  4377 | D:6      | Noticed a wyvern
  4380 | D:6      | Killed a wyvern
  4381 | D:6      | Reached skill level 10 in Axes
  4381 | D:6      | Reached XP level 8. HP: 66/70 MP: 7/7
  4450 | D:6      | Found a bloodstained altar of Trog.
  4593 | D:6      | Reached skill level 11 in Axes
  4979 | D:6      | Reached skill level 12 in Axes
  5198 | D:6      | Found a broken altar of Ashenzari.
  5494 | D:6      | Identified the +5 ring mail "Otoyvuty" {rC+ Str+3 Int-3}
  5633 | D:7      | Noticed a hornet
  5804 | D:7      | Killed a hornet
  5805 | D:7      | Reached skill level 13 in Axes
  5805 | D:7      | Reached XP level 9. HP: 20/75 MP: 8/8
  6697 | D:7      | Reached skill level 14 in Axes
  7109 | D:8      | Reached skill level 15 in Axes
  7115 | D:8      | Slain by a yak

Illustrated notes

Levels and vault maps discovered:
D:1:      dpeg_arrival_arbitrary_c, layout_basic
D:2:      kennysheep_big_flooded_room, layout_loops_ring, minivault_19
D:3:      layout_rooms, serial_shops, nicolae_shop_bloodbath_and_beyond,
          minmay_door_square
D:4:      layout_loops_cross, minmay_unequal
D:5:      layout_rooms, mainiacjoe_overflow_cross_hatched, lemuel_doored_altar,
          minmay_temple_entry_slanted, hangedman_abyss_or_decor_stagger,
          uniq_ijyb, uniq_prince_ribbit1
D:6:      layout_loops_ring, kennysheep_mini, nicolae_ashenzari_skybound
D:7:      layout_rooms
D:8:      layout_rooms
Temple:   eino_narrow_crystal_temple

Skill      XL: |  1  2  3  4  5  6  7  8  9 |
---------------+----------------------------+-----
Shields        | 4 |  4.0
Axes           | 3 4 5 7 10 13 15 | 15.1
Fighting       | 4 5 6 |  6.0
Armour         | |  3.8

Action                   |  1- 3 |  4- 6 |  7- 9 || total
-------------------------+-------+-------+-------++-------
Melee: War axe           |    84 |   114 |   173 ||   371
       Headbutt          |     7 |    14 |    40 ||    61
Invok: Recall Undead Har |       |       |     1 ||     1
  Use: Scroll            |       |     1 |       ||     1
       Potion            |       |     1 |       ||     1
Armor: Scale mail        |    43 |    44 |       ||    87
       Chain mail        |       |    19 |    61 ||    80
Dodge: Dodged            |    45 |    59 |    54 ||   158
Block: Buckler           |    17 |    31 |    28 ||    76
